 Dungeon Crawl Stone Soup version 0.30-a0-918-g0ff054e9dc (webtiles) character file.

Game seed: 7374306031674130919

104 Mesmaeker13 the Insei (level 4, -13/30 HPs)
             Began as an Octopode Transmuter on Mar 20, 2023.
             Mangled by an ogre
             ... wielding a +0 giant spiked club
              (21 damage)
             ... on level 4 of the Dungeon.
             The game lasted 00:04:00 (2680 turns).

Mesmaeker13 the Insei (Octopode Transmuter)         Turns: 2680, Time: 00:04:01

Health: -13/30     AC:  1    Str:  9    XL:     4   Next: 80%
Magic:  7/7        EV: 13    Int: 17    God:
Gold:   188        SH:  0    Dex: 12    Spells: 0/7 levels left

rFire   . . .      SeeInvis .      - Unarmed
rCold   + . .      Faith    .    (no shield)
rNeg    + . .      Spirit   .    (helmet currently unavailable)
rPois   .          Reflect  .    s - amulet of magic regeneration
rElec   .          Rampage  .    e - ring of positive energy
rCorr   .                        g - ring of protection from cold
Will    .....                    (no ring)
Stlth   ++                       (no ring)
HPRegen 0.25/turn                (no ring)
MPRegen 0.50/turn                (no ring)
                                 (no ring)
                                 (no ring)

@: appendages
A: tentacle spike 3, almost no armour, amphibious, 8 rings, camouflage 1,
gelatinous body 1, (nimble swimmer 1), tentacles
a: End Transformation


You were on level 4 of the Dungeon.
One of your tentacles had grown a beastly spike.
You visited 1 branch of the dungeon, and saw 4 of its levels.

You collected 188 gold pieces.

Inventory:

Missiles
 i - 3 atropa-tipped darts (quivered)
 n - 4 javelins
Jewellery
 e - a ring of positive energy (left tentacle)
 g - a ring of protection from cold (right tentacle)
 s - an amulet of magic regeneration (around mantle)
Scrolls
 b - 3 scrolls of immolation
 h - 2 scrolls of teleportation
 j - a scroll of enchant weapon {unknown}
 m - 2 scrolls of magic mapping {unknown}
 o - a scroll of blinking {unknown}
 r - 2 scrolls of vulnerability
Potions
 a - a potion of lignification
 c - 3 potions of curing
 d - a potion of heal wounds {unknown}
 f - a potion of brilliance {unknown}
 l - a potion of mutation {unknown}
 p - a potion of flight
 q - a potion of might {unknown}


   Skills:
 + Level 2.5 Fighting
 - Level 2.0 Dodging
 + Level 3.9 Unarmed Combat
 - Level 2.0 Spellcasting
 + Level 3.1 Transmutations
 + Level 0.4 Ice Magic


You couldn't memorise any spells.
You knew the following spells:

 Your Spells              Type           Power      Damage    Failure   Level
a - Beastly Appendage     Tmut           24%        N/A       5%          1
b - Wereblood             Tmut           12%        N/A       8%          2
c - Ice Form              Ice/Tmut       7%         N/A       67%         4

Your spell library contained the following spells:

 Spells                   Type           Power      Damage    Failure   Level
 Slow                     Hex            4%         N/A       19%         1
 Blink                    Tloc           2%         N/A       28%         2
 Lesser Beckoning         Tloc           2%         N/A       28%         2
 Momentum Strike          Conj/Tloc      2%         3d8       28%         2
 Spider Form              Tmut/Pois      7%         N/A       30%         3
 Confusing Touch          Hex            1%         N/A       50%         3
 Vampiric Draining        Necr           1%         2d6       50%         3


Dungeon Overview and Level Annotations

Branches:
Dungeon (4/15)
 Temple: D:4-7

Altars:

Shops:
D:2 !


Innate Abilities, Weirdness & Mutations

One of your tentacles has grown a beastly spike.
You cannot wear most types of armour.
You are amphibious.
You can wear up to eight rings at the same time.
Your skin changes colour to match your surroundings (Stealth+).
Your rubbery body absorbs attacks. (AC +1, EV +1)
((You are camouflaged when in or above water. (Stealth+)))
You have tentacles for arms and can constrict up to eight enemies at once.


Message History

The ogre seems less confused.
Throw: 3 darts (poison)
Press: ? - help, Q - select action, (/) - cycle Shift-Dir - straight line, f/p - ogre
Aim: an ogre, wielding a +0 giant spiked club (blind, 73% to hit)
You throw a poisoned dart.
The poisoned dart barely misses the ogre.
Unknown command.
Throw: 2 darts (poison)
Press: ? - help, Q - select action, (/) - cycle Shift-Dir - straight line, f/p - ogre
Aim: an ogre, wielding a +0 giant spiked club (blind, 73% to hit)
You throw a poisoned dart. The poisoned dart hits the ogre.
The ogre is poisoned.
Unknown command.
Throw: dart (poison)
Press: ? - help, Q - select action, (/) - cycle Shift-Dir - straight line, f/p - ogre
Aim: an ogre, wielding a +0 giant spiked club (wandering, blind, poisoned, hasn't noticed you, 73% to hit)
You throw a poisoned dart. The poisoned dart hits the ogre.
The ogre looks even sicker.
The ogre is no longer blind.
Casting: Beastly Appendage (safe; 5% risk of failure)
Confirm with . or Enter, or press ? or * to list all spells.
Okay, then.
Casting: Beastly Appendage (safe; 5% risk of failure)
Confirm with . or Enter, or press ? or * to list all spells.
One of your tentacles grows a vicious spike.
The ogre misses you.
The ogre hits you with a +0 giant spiked club!
Ouch! That really hurt!
You tentacle-slap the ogre.
The ogre is lightly wounded.
You tentacle-slap the ogre but do no damage.
Your squeeze misses the ogre.
The ogre is lightly wounded.
The ogre hits you with a +0 giant spiked club!
* * * LOW HITPOINT WARNING * * *
You tentacle-slap the ogre.
You pierce the ogre.
You tentacle-slap the ogre.
The ogre is heavily wounded.
The ogre hits you with a +0 giant spiked club!!
Ouch! That really hurt!
You die...

#.#.#.#............
#...........$......
#.................
#..........[......
#...........(.....
#.................
#......((..#.#....
#.....O...((.(....
#....@.##..#.#....
#......###........
#......# ####.....
#......# ....
#......# ...
#.....<# ########


You could see an ogre (very poisoned).

Vanquished Creatures
  Jessica (D:2)
  2 adders (D:2)
  A gnoll (D:1)
  A dart slug (D:1)
  3 ball pythons
  6 bats
  6 endoplasms
  2 giant cockroaches
  4 goblins
  7 hobgoblins
  A kobold (D:2)
  4 quokkas (D:1)
  2 frilled lizards (D:2)
  4 rats
44 creatures vanquished.

Notes
Turn   | Place    | Note
-------+----------+-------------------------------------------
     0 | D:1      | Mesmaeker13 the Octopode Transmuter began the quest for the
                  | Orb.
     0 | D:1      | Reached XP level 1. HP: 13/13 MP: 3/3
   163 | D:1      | Reached XP level 2. HP: 16/18 MP: 3/5
   370 | D:1      | Reached XP level 3. HP: 23/24 MP: 4/6
   445 | D:1      | Learned a level 2 spell: Wereblood
  1195 | D:2      | Found Alusogg's Distillery.
  1511 | D:2      | Noticed Jessica
  1521 | D:2      | Killed Jessica
  1522 | D:2      | Reached XP level 4. HP: 30/30 MP: 5/7
  1538 | D:2      | Learned a level 4 spell: Ice Form
  2604 | D:4      | Noticed a scorpion
  2664 | D:4      | Noticed an ogre
  2680 | D:4      | Mangled by an ogre

Illustrated notes

Levels and vault maps discovered:
D:1:      dpeg_arrival_chambers_temple_mockup, layout_basic
D:2:      layout_loops_ring, serial_shops, shop, roderic_serpentine_path,
          uniq_jessica
D:3:      layout_basic, grunt_decor_fettered
D:4:      layout_gridville, serial_glass, glass_columns_a, glass_columns_b,
          glass_columns_a, glass_columns_a, glass_columns_a, glass_columns_a,
          corexii_hall_statues_deadend, uniq_blork_the_orc

Skill      XL: |  1  2  3 |
---------------+----------+-----
Fighting       | 2 |  2.5
Transmutations | 3 |  3.1
Dodging        | |  2.0
Unarmed Combat | |  3.9
Spellcasting   | |  2.0
Ice Magic      | |  0.4

Action                     |  1- 3 |  4- 6 || total
---------------------------+-------+-------++-------
  Melee: Unarmed           |    69 |    29 ||    98
         Kick              |    24 |     8 ||    32
         Constrict         |    20 |     7 ||    27
         Tentacles         |     7 |     4 ||    11
         Punch             |     3 |     2 ||     5
  Throw: Dart              |     1 |     7 ||     8
   Cast: Beastly Appendage |    25 |    13 ||    38
         Wereblood         |       |     1 ||     1
    Use: Scroll            |     1 |     4 ||     5
   Stab: Sleeping          |     4 |     2 ||     6
         Invisible         |     1 |       ||     1
 Armour: Skin              |     7 |     2 ||     9
  Dodge: Dodged            |    38 |    16 ||    54

Table legend: (Time is in decaauts)
 A = Elapsed time spent in this place.
 B = Non-inter-level travel time spent in this place.
 C = Inter-level travel time spent in this place.
 D = Time resting spent in this place.
 E = Time spent auto-exploring this place.
 F = Levels seen in this place.
 G = Mean time per level.
                   A        B        C        D        E       F      G
               +--------+--------+--------+--------+--------+-----+--------+
         Total |   2672 |   2542 |    130 |     65 |   1966 |   4 |  668.0 |
       Dungeon |   2672 |   2542 |    130 |     65 |   1966 |   4 |  668.0 |
               +--------+--------+--------+--------+--------+-----+--------+

Top non-repeatable levels by time:
     D:1: 1026 daAuts
     D:2: 1009 daAuts
     D:3: 585 daAuts
     D:4: 51 daAuts
